 Dungeon Crawl Stone Soup version 0.25.0-46-gbd7b0854d2 (webtiles) character file.

Game seed: 7450525937206755686

623 Jimbable the Spear-Bearer (level 7, -1/54 HPs)
             Began as a Merfolk Gladiator on July 15, 2020.
             Splashed by a jelly's acid (3 damage)
             ... on level 4 of the Dungeon.
             The game lasted 00:06:24 (3038 turns).

Jimbable the Spear-Bearer (Merfolk Gladiator)       Turns: 3038, Time: 00:06:26

Health: -1/54      AC:  0    Str: 16    XL:     7   Next: 47%
Magic:  7/7        EV: 15    Int:  7    God:
Gold:   227        SH:  0    Dex: 16    Spells: 6/6 levels left

rFire    . . .     SeeInvis .   t - +0 flail (holy)
rCold    . . .     Gourm    .   (no shield)
rNeg     . . .     Faith    .   s - +0 leather armour (curse)
rPois    .         Spirit   .   c - +0 helmet
rElec    .         Reflect  .   (no cloak)
rCorr    .         Harm     .   (no gloves)
MR       .....                  (no boots)
Stlth    +.........             (no amulet)
HPRegen  0.18/turn              (no ring)
MPRegen  0.10/turn              (no ring)

@: corroded
A: change form in water, swift swim, stealthy swim
a: no special abilities


You were on level 4 of the Dungeon.
You were very hungry.

You visited 1 branch of the dungeon, and saw 5 of its levels.

You collected 227 gold pieces.

Inventory:

Hand Weapons
 a - a +0 trident
 t - a +0 flail of holy wrath (weapon)
Missiles
 d - 2 throwing nets (quivered)
Armour
 b - a +0 leather armour
 c - a +0 helmet (worn)
 s - a cursed +0 leather armour (worn)
Wands
 u - a wand of polymorph (4)
 w - a wand of random effects (22)
Scrolls
 e - 4 scrolls of teleportation {unknown}
 g - 2 scrolls of blinking {unknown}
 h - a scroll of amnesia {unknown}
 i - 3 scrolls of identify {unknown}
 l - a scroll of noise {unknown}
 o - 2 scrolls of fog {unknown}
 p - a scroll of enchant armour {unknown}
 q - a scroll of remove curse {unknown}
 v - a scroll of magic mapping {unknown}
Potions
 j - a potion of lignification {unknown}
 k - 2 potions of might {unknown}
 m - 2 potions of brilliance {unknown}
 n - 2 potions of curing {unknown}
 r - a potion of berserk rage
 x - 2 potions of stabbing {unknown}
Comestibles
 f - 5 rations


   Skills:
 + Level 4.0 Fighting
 + Level 0.1 Maces & Flails
 + Level 8.6 Polearms
 + Level 2.1 Throwing
 + Level 2.2 Armour
 + Level 5.6 Dodging
 - Level 0.6 Stealth
 + Level 1.0 Unarmed Combat


You had 6 spell levels left.
You didn't know any spells.
Your spell library contained the following spells:

 Spells                   Type           Power        Failure   Level  Hunger
 Confusing Touch          Hex            #.......     86%         3    ####...
 Gell's Gravitas          Tloc           #.........   86%         3    ####...
 Petrify                  Tmut/Erth      #.......     99%         4    #####..
 Metabolic Englaciation   Hex/Ice        #.........   100%        5    ######.
 Yara's Violent Unravell  Hex/Tmut       #.........   100%        5    ######.


Dungeon Overview and Level Annotations

Branches:
Dungeon (5/15)
 Temple: D:4-7

Altars:


Message History

There is an escape hatch in the ceiling here.
The jelly hits you but does no damage. A mysterious force pulls you upwards.
The hatch slams shut behind you.
You hear the sound of rushing water.
There is an entrance to a sewer on this level.
Hurry and find it before the portal rusts away!
Found a glowing yellow potion and 15 gold pieces.
You hit the jelly. The acid corrodes you!
Your hands burn!
* * * LOW HITPOINT WARNING * * *
The jelly is heavily wounded.
The jelly barely misses you.
You hit the jelly but do no damage.
Your hands burn!
* * * LOW HITPOINT WARNING * * *
The jelly is heavily wounded.
The jelly barely misses you. The jelly closely misses you.
You hit the jelly.
Your hands burn!
* * * LOW HITPOINT WARNING * * *
The jelly is heavily wounded.
The jelly closely misses you.
You hit the jelly but do no damage.
Your hands burn!
You die...

. .. ... ....
#######+#.....
#.....J.......
#.....@.......
#.............
#!............
#.............
#.............
#.........$...
##########+##.


You could see a jelly.

Vanquished Creatures
  Menkaure (D:5)
  An ogre (D:5)
  A scorpion (D:5)
  2 crimson imps (D:5)
  A bullfrog zombie (D:5)
  A bullfrog skeleton (D:5)
  An iguana (D:5)
  Ijyb (D:5)
  Natasha (thrice) (D:3)
  2 adders
  An ooze (D:2)
  2 worms
  3 dart slugs
  2 leopard geckos (D:5)
  5 orcs
  3 giant cockroaches
  10 goblins
  6 hobgoblins (D:2)
  8 jackals
  3 quokkas
  6 bats
  2 frilled lizards
  6 kobolds
  9 rats
80 creatures vanquished.

Notes
Turn   | Place    | Note
-------+----------+-------------------------------------------
     0 | D:1      | Jimbable the Merfolk Gladiator began the quest for the Orb.
     0 | D:1      | Reached XP level 1. HP: 16/16 MP: 1/1
   141 | D:1      | Reached XP level 2. HP: 18/22 MP: 2/2
   502 | D:1      | Reached skill level 5 in Polearms
   849 | D:2      | Reached XP level 3. HP: 27/27 MP: 3/3
  1415 | D:2      | Reached XP level 4. HP: 30/34 MP: 4/4
  2114 | D:3      | Noticed Natasha
  2121 | D:3      | Reached skill level 6 in Polearms
  2123 | D:3      | Killed Natasha
  2183 | D:3      | Noticed Natasha
  2197 | D:3      | Killed Natasha
  2197 | D:3      | Reached skill level 1 in Armour
  2197 | D:3      | Reached XP level 5. HP: 38/41 MP: 5/5
  2222 | D:3      | Noticed Natasha
  2272 | D:3      | Killed Natasha
  2562 | D:3      | You fall into a shaft and drop 2 floors!
  2562 | D:5      | Entered Level 5 of the Dungeon
  2570 | D:5      | Reached skill level 5 in Dodging
  2579 | D:5      | Reached skill level 7 in Polearms
  2579 | D:5      | Reached XP level 6. HP: 20/47 MP: 6/6
  2810 | D:5      | Reached skill level 1 in Unarmed Combat
  2830 | D:5      | Reached skill level 8 in Polearms
  2830 | D:5      | Reached XP level 7. HP: 32/52 MP: 7/7
  2972 | D:5      | Noticed Ijyb
  2984 | D:5      | Killed Ijyb
  2995 | D:5      | Noticed Menkaure
  3005 | D:5      | Killed Menkaure
  3037 | D:4      | HP: 1/54 [acid (5)]
  3038 | D:4      | Splashed by a jelly's acid

Illustrated notes

Levels and vault maps discovered:
D:1:      lightli_arrival_chessboard, layout_loops_ring
D:2:      layout_basic
D:3:      layout_basic, grunt_temple_overflow_open, uniq_natasha
D:4:      layout_gridville, cheibrodos_sewer_entry_sluice, first_ration,
          minmay_bisected
D:5:      layout_cave_pools, gammafunk_ghost_cemetery, uniq_edmund,
          uniq_sigmund, uniq_menkaure, uniq_ijyb

Skill      XL: |  1  2  3  4  5  6  7 |
---------------+----------------------+-----
Polearms       | 5 6 7 8 |  8.6
Fighting       | 3 4 |  4.0
Armour         | 1 2 |  2.2
Dodging        | 5 |  5.6
Unarmed Combat | 1 |  1.0
Maces & Flails | |  0.1
Throwing       | |  2.1
Stealth        | |  0.6

Action                   |  1- 3 |  4- 6 |  7- 9 || total
-------------------------+-------+-------+-------++-------
Melee: Trident           |   129 |   121 |    25 ||   275
       Unarmed           |       |    18 |       ||    18
       Flail             |       |       |    12 ||    12
Throw: Throwing net      |       |     1 |       ||     1
 Stab: Sleeping          |     2 |     1 |       ||     3
       Held in net/web   |       |     1 |       ||     1
  Eat: Chunk             |     2 |     4 |       ||     6
Armor: Leather armour    |    19 |    17 |     1 ||    37
Dodge: Dodged            |    62 |    91 |    22 ||   175
